 Dungeon Crawl Stone Soup version 0.16-a0-2319-g575aa7f (webtiles) character file.

346 Hedron the Cudgeler (level 6, -2/47 HPs)
             Began as a Demonspawn Abyssal Knight on Nov 17, 2014.
             Was an Elder of Lugonu.
             Slain by an ogre
             ... wielding a +0 giant club
              (27 damage)
             ... on level 4 of the Dungeon.
             The game lasted 00:16:14 (5311 turns).

Hedron the Cudgeler (Demonspawn Abyssal Knight)     Turns: 5311, Time: 00:16:14

Health: -2/47      AC:  7    Str: 13    XL:     6   Next: 32%
Magic:  8/8        EV: 10    Int: 13    God:    Lugonu [****..]
Gold:   128        SH:  0    Dex: 14    Spells: 0 memorised, 5 levels left

rFire  + . .     SeeInvis .     a - +1 mace
rCold  . . .     Clarity  .     m - +1 scale mail {rF+}
rNeg   . . .     SustAb   .     (no shield)
rPois  .         Gourm    .     (no helmet)
rElec  .         Spirit   .     (no cloak)
rCorr  .         Warding  .     (no gloves)
rMut   .         Stasis   .     (no boots)
MR     .....                    (no amulet)
Stlth  ..........               (no ring)
                                (no ring)

@: not resistant to hostile enchantments, extremely unstealthy
A: repulsion field 1, demonic guardian 1, spiny 1
a: Depart the Abyss, Bend Space, Banish, Corrupt, Renounce Religion


You were on level 4 of the Dungeon.
You worshipped Lugonu.
Lugonu was greatly pleased with you.
You were very hungry.

You visited 1 branch of the dungeon, and saw 4 of its levels.
You visited the Abyss 1 time.

You collected 128 gold pieces.

Inventory:

Hand weapons
 a - a +1 mace (weapon)
Armour
 m - a +1 scale mail of fire resistance (worn)
Magical devices
 b - a wand of polymorph (3)
Scrolls
 d - 3 scrolls of remove curse
 g - a scroll of recharging
 j - a scroll of random uselessness {unknown}
Potions
 e - 2 potions of haste
 f - a potion of agility
 i - 2 potions of might
 k - a potion of cure mutation
 l - 3 potions of curing
Comestibles
 c - 2 bread rations
 h - a beef jerky


   Skills:
 - Level 3.0 Fighting
 + Level 6.2 Maces & Flails
 - Level 1.7 Armour
 - Level 0.8 Dodging
 - Level 2.4 Invocations


You had 5 spell levels left.
You didn't know any spells.

Dungeon Overview and Level Annotations

Branches:
Dungeon (4/15)
 Temple: D:4-7

Altars:
Yredelemnul

Shops:
D:4 ?


Innate Abilities, Weirdness & Mutations

You are surrounded by a mild repulsion field (EV +2).
A weak demonic guardian rushes to your aid.
You are partially covered in sharp spines.


Message History

The orc closely misses you.
You sock the orc!
You kill the orc!
Lugonu accepts your kill.
You miss the goblin.
The goblin hits you with a runed dagger.
You closely miss the goblin.
The goblin hits you with a runed dagger.
You miss the goblin.
The goblin hits you with a runed dagger.
You closely miss the goblin.
The goblin hits you with a runed dagger.
You hit the goblin.
You kill the goblin!
Lugonu accepts your kill.
You sock the ogre!
The ogre is heavily wounded.
The ogre hits you with a giant club!!
Ouch! That really hurt!
You die...

... ##...###+##
....###+##### ..#.....
..............# +.....
..............# #.....
..............+ #.....
+..............##+##.....
#....g...................
#.....##O######..........
... +.@5....+.......... .
#.......#..........
#.......#..........
#+#####.#..........
##.###+#####'#
#............#
+............#
#............+
#.......b....#


You could see an ogre and a friendly iron imp.

Vanquished Creatures
  An orc priest (D:3)
  An iguana (D:4)
  A giant frog skeleton (D:4)
  A centaur skeleton (D:4)
  An orc wizard (D:3)
  A worker ant (D:4)
  Ijyb (D:2)
  Terence (D:2)
  6 adders
  4 worms
  3 giant geckos
  An ooze (D:2)
  5 orcs
  4 ball pythons
  7 bats
  7 giant cockroaches
  10 goblins
  7 hobgoblins
  8 kobolds
  8 giant newts
  3 quokkas
  9 rats
  A plant (D:1)
91 creatures vanquished.

Vanquished Creatures (collateral kills)
  An orc (D:3)
  A bat (D:3)
  A hobgoblin (D:3)
  A goblin (D:2)
  A rat (D:3)
5 creatures vanquished.

Vanquished Creatures (others)
  A crimson imp (D:2)
  An iron imp (D:4)
  2 white imps
  An ufetubus (D:2)
5 creatures vanquished.

Grand Total: 101 creatures vanquished

Notes
Turn   | Place    | Note
--------------------------------------------------------------
     0 | Abyss:1  | Hedron, the Demonspawn Abyssal Knight, began the quest for the Orb.
     0 | Abyss:1  | Reached XP level 1. HP: 18/18 MP: 1/1
    29 | D:1      | Escaped the Abyss
   245 | D:1      | Gained mutation: You are partially covered in sharp spines. [demonic ancestry]
   245 | D:1      | Reached XP level 2. HP: 10/24 MP: 2/2
   454 | D:1      | Acquired Lugonu's second power
  1527 | D:1      | Gained mutation: A weak demonic guardian rushes to your aid. [demonic ancestry]
  1527 | D:1      | Reached XP level 3. HP: 29/29 MP: 4/4
  1925 | D:2      | Acquired Lugonu's third power
  2097 | D:2      | Reached XP level 4. HP: 35/35 MP: 5/5
  2109 | D:2      | Noticed Ijyb
  2137 | D:2      | Killed Ijyb
  2137 | D:2      | Reached skill level 4 in Maces & Flails
  2426 | D:2      | Noticed Terence
  2486 | D:2      | Killed Terence
  3191 | D:3      | Reached XP level 5. HP: 30/41 MP: 6/6
  3359 | D:3      | Reached skill level 5 in Maces & Flails
  3533 | D:3      | Found a basalt altar of Yredelemnul.
  3603 | D:3      | Acquired Lugonu's fourth power
  4838 | D:4      | Found Qiucir's Magic Scroll Emporium.
  4862 | D:4      | Gained mutation: You are surrounded by a mild repulsion field (EV +2). [demonic ancestry]
  4862 | D:4      | Reached XP level 6. HP: 42/47 MP: 8/8
  4910 | D:4      | Reached skill level 6 in Maces & Flails
  5293 | D:4      | Noticed an ogre
  5311 | D:4      | Slain by an ogre

Action                   |  1- 3 |  4- 6 || total
-------------------------+-------+-------++-------
Melee: Mace              |   182 |   207 ||   389
       Unarmed           |       |    23 ||    23
  Use: Scroll            |     5 |     3 ||     8
       Potion            |     2 |       ||     2
 Stab: Distracted        |       |     1 ||     1
  Eat: Chunk             |     3 |     9 ||    12
       Beef jerky        |       |     1 ||     1
